 Dungeon Crawl Stone Soup version 0.29.0-4-gdea44cf6ec (webtiles) character file.

Game seed: 1911526924375985953

3271 qw the Grappler (level 9, -18/88 HPs)
             Began as a Troll Cinder Acolyte on Aug 30, 2022.
             Was a Priest of Ignis.
             Demolished by a boulder beetle (25 damage)
             ... on level 7 of the Dungeon.
             The game lasted 00:03:45 (5742 turns).

qw the Grappler (Troll Cinder Acolyte)              Turns: 5742, Time: 00:03:46

Health: -18/88     AC: 13    Str: 26 (28) XL:     9   Next: 68%
Magic:  9/9        EV:  9    Int:  9 (10) God:    Ignis [***...]
Gold:   382        SH:  0    Dex:  7 (9)  Spells: 10/10 levels left

rFire   + . .      SeeInvis .     - Unarmed
rCold   . . .      Faith    .   (no shield)
rNeg    . . .      Spirit   .   a - +0 robe
rPois   .          Reflect  .   (helmet restricted)
rElec   .          Harm     .   e - +1 cloak
rCorr   .          Rampage  .   (gloves unavailable)
Will    .....                   (boots unavailable)
Stlth   +.........              (no amulet)
HPRegen 1.04/turn               i - +6 ring of dexterity
MPRegen 0.11/turn               (no ring)

@: fiery-armoured
A: large, unfitting armour, claws 3, regeneration 1, shaggy fur 1, tough skin 1,
horns 1, clumsy 1, subdued magic 1
a: Renounce Religion, Fiery Armour, Foxfire Swarm, Rising Flame


You were on level 7 of the Dungeon.
You worshipped Ignis.
Ignis was most pleased with you.
You visited 1 branch of the dungeon, and saw 7 of its levels.

You collected 382 gold pieces.


Innate Abilities, Weirdness & Mutations

You are too large for most types of armour.
You have claws for hands.
Your natural rate of healing is unusually fast.
You are covered in fur. (AC +1)
You have tough skin. (AC +1)
You have a pair of small horns on your head.
You are clumsy. (Dex -2)
Your spells are a little easier to cast, but a little less powerful.


   Skills:
 - Level 5.0 Fighting
 - Level 1.0 Throwing
 - Level 2.3 Dodging
 + Level 12.5 Unarmed Combat
 - Level 1.0 Spellcasting
 - Level 2.1 Fire Magic


You had 10 spell levels left.
You didn't know any spells.
Your spell library contained the following spells:

 Spells                   Type           Power      Damage    Failure   Level
 Scorch                   Fire           6%         2d5       19%         2

Inventory:

Missiles
 n - 6 boomerangs (quivered)
Armour
 a - a +0 robe (worn)
 e - a +1 cloak (worn)
Jewellery
 i - a +6 ring of dexterity (left claw)
Scrolls
 b - a scroll of vulnerability {unknown}
 l - 3 scrolls of identify
Potions
 c - a potion of haste
 d - a potion of resistance
 f - a potion of curing
 g - 2 potions of mutation
 j - a potion of cancellation
 k - a potion of attraction {unknown}
 m - a potion of berserk rage {unknown}
 p - a potion of flight {unknown}

Dungeon Overview and Level Annotations

Branches:
Dungeon (7/15)             Temple (0/1) D:7

Altars:
Cheibriados
Kikubaaqudgha
Uskayaw
Yredelemnul


Message History

You claw the electric eel!
You kill the electric eel!
You hear a splash.
The electric eel shoots out a bolt of lightning at you!
The bolt of electricity hits you. x2
An electric eel comes into view.
5736 ||| DRINKING potion of heal wounds.
You feel much better.
The electric eel shoots out a bolt of lightning at you!
The bolt of electricity hits you. x2
You scratch the boulder beetle. You headbutt the boulder beetle.
The boulder beetle is lightly wounded.
You claw the boulder beetle!
You headbutt the boulder beetle, but do no damage.
The boulder beetle is lightly wounded.
The boulder beetle barely misses you.
The electric eel shoots out a bolt of lightning at you!
The bolt of electricity hits you! The bolt of electricity hits you.
The bolt of electricity hits the electric eel.
The electric eel completely resists.
You claw the boulder beetle!
Your headbutt misses the boulder beetle.
The boulder beetle is moderately wounded.
The boulder beetle bites you!!
The boulder beetle is burned by your cloak of flames.
The boulder beetle is moderately wounded.
5740 ||| Stepping ~*~*~tactically~*~*~ (outnumbered).
The sky beast attacks as you move away!
The sky beast hits you but does no damage.
The sky beast is burned by your cloak of flames.
The sky beast is lightly wounded.
You barely miss the boulder beetle.
You headbutt the boulder beetle, but do no damage.
The boulder beetle is moderately wounded.
The boulder beetle bites you.
You scratch the boulder beetle. You headbutt the boulder beetle!
You claw the boulder beetle!
The boulder beetle is severely wounded.
The boulder beetle bites you!!
You die...

#############.#
#....##.#
#.####.##.##.#
~~~##.......#.##.#
~~~~######..#....#
~~~~~# #.#####.#
~~~~~~# #.# #.#
~~~~~~~ #.# #.#
~~~~~~~###.# #.#
~~~~~~S#@..# #.#
.......BY### #.#
.......'.# #.#
~~~~~SS### #.#
~~~~~~~ #.#
~~~~~~~ #.#
~~~~~~# #.#
~~~~~##### #.#
~~~~##..<# #.#


You could see a boulder beetle, a sky beast and 2 electric eels.

Vanquished Creatures
  A two-headed ogre (D:5)
  A water moccasin (D:5)
  2 orc warriors
  2 ice beasts (D:5)
  2 black bears
  3 ogres
  2 centaurs (D:5)
  A phantom (D:6)
  Blork the orc (D:5)
  A kobold brigand (D:7)
  A bullfrog (D:6)
  3 scorpions
  3 wights (D:6)
  An electric eel (D:7)
  3 howler monkeys (D:7)
  A hound (D:6)
  A gnoll bouda (D:6)
  7 orc priests
  2 jellies
  4 iguanas
  Ijyb (D:5)
  3 orc wizards
  Robin (D:3)
  9 gnolls
  3 adders
  A shadow imp (D:6)
  An ufetubus (D:7)
  3 worms
  5 dart slugs
  32 orcs
  7 ball pythons
  4 bat zombies (D:6)
  10 endoplasms
  13 giant cockroaches
  15 goblins
  8 hobgoblins
  17 jackals
  9 quokkas
  6 bats
  2 frilled lizards (D:2)
  5 kobolds
  8 rats
  A rat zombie (D:6)
206 creatures vanquished.

Vanquished Creatures (others)
  A centaur (D:7)
1 creature vanquished.

Grand Total: 207 creatures vanquished

Notes
Turn   | Place    | Note
-------+----------+-------------------------------------------
     0 | D:1      | qw the Troll Cinder Acolyte began the quest for the Orb.
     0 | D:1      | Reached XP level 1. HP: 22/22 MP: 1/1
     0 | D:1      | 0 ||| qw: Version: 0.1-a-95-gae9e614
     0 | D:1      | 0 ||| qw: Game counter: 4441
     0 | D:1      | 0 ||| qw: Always use a shield: true
     0 | D:1      | 0 ||| qw: God list: Okawaru
     0 | D:1      | 0 ||| qw: Allow faded altars: false
     0 | D:1      | 0 ||| qw: Do Orc after D:15 true
     0 | D:1      | 0 ||| qw: Do second Lair branch before Depths: true
     0 | D:1      | 0 ||| qw: Lair rune preference: random
     0 | D:1      | 0 ||| qw: Plans: Normal
     0 | D:1      | 0 ||| PLANNING D:1-11
    79 | D:1      | Reached XP level 2. HP: 22/29 MP: 2/2
   148 | D:1      | Found a faded altar of an unknown god.
   309 | D:1      | Reached skill level 4 in Unarmed Combat
   423 | D:1      | Reached XP level 3. HP: 36/36 MP: 3/3
   565 | D:1      | 565 ||| Stepping ~*~*~tactically~*~*~ (outnumbered).
   642 | D:1      | 642 ||| READING scroll labelled VIERISSACW.
   743 | D:1      | 743 ||| READING scroll labelled OTSY KINAUGYIS.
   785 | D:2      | 785 ||| STAIRDANCE
   797 | D:2      | 797 ||| STAIRDANCE
   806 | D:2      | 806 ||| STAIRDANCE
   945 | D:2      | 945 ||| Stepping ~*~*~tactically~*~*~ (stealth).
   952 | D:2      | 952 ||| Stepping ~*~*~tactically~*~*~ (outnumbered).
   961 | D:2      | Reached XP level 4. HP: 44/44 MP: 4/4
  1008 | D:2      | 1008 ||| Stepping ~*~*~tactically~*~*~ (hiding).
  1011 | D:2      | Reached skill level 5 in Unarmed Combat
  1153 | D:2      | 1153 ||| Stepping ~*~*~tactically~*~*~ (hiding).
  1154 | D:2      | 1154 ||| Stepping ~*~*~tactically~*~*~ (hiding).
  1158 | D:2      | 1158 ||| Stepping ~*~*~tactically~*~*~ (hiding).
  1206 | D:2      | 1206 ||| Stepping ~*~*~tactically~*~*~ (outnumbered).
  1208 | D:2      | 1208 ||| Stepping ~*~*~tactically~*~*~ (outnumbered).
  1210 | D:2      | 1210 ||| Stepping ~*~*~tactically~*~*~ (outnumbered).
  1211 | D:2      | 1211 ||| Stepping ~*~*~tactically~*~*~ (outnumbered).
  1276 | D:2      | 1276 ||| Stepping ~*~*~tactically~*~*~ (stealth).
  1288 | D:2      | 1288 ||| FLEEEEING.
  1289 | D:2      | 1289 ||| INVOKING Fiery Armour.
  1713 | D:2      | 1713 ||| UPGRADING to +0 cloak.
  1718 | D:2      | 1718 ||| READING scroll labelled LAGHUEFRUO.
  1719 | D:2      | 1719 ||| READING scroll labelled ESAOT FAEPP.
  1720 | D:2      | 1720 ||| DRINKING 2 dark potions.
  1777 | D:3      | Found a basalt altar of Yredelemnul.
  1789 | D:3      | Found a hide-covered altar of Uskayaw.
  1808 | D:3      | Reached XP level 5. HP: 50/50 MP: 5/5
  1919 | D:3      | 1919 ||| Stepping ~*~*~tactically~*~*~ (stealth).
  2090 | D:3      | 2090 ||| Stepping ~*~*~tactically~*~*~ (stealth).
  2099 | D:3      | 2099 ||| Stepping ~*~*~tactically~*~*~ (hiding).
  2103 | D:3      | Noticed Robin
  2104 | D:3      | 2104 ||| Stepping ~*~*~tactically~*~*~ (hiding).
  2106 | D:3      | 2106 ||| INVOKING Fiery Armour.
  2113 | D:3      | 2113 ||| Stepping ~*~*~tactically~*~*~ (outnumbered).
  2116 | D:3      | Reached skill level 6 in Unarmed Combat
  2118 | D:3      | 2118 ||| Stepping ~*~*~tactically~*~*~ (outnumbered).
  2119 | D:3      | Killed Robin
  2123 | D:3      | 2123 ||| Stepping ~*~*~tactically~*~*~ (outnumbered).
  2410 | D:3      | 2410 ||| READING scroll labelled UCLEUMMUMOSM.
  2411 | D:3      | 2411 ||| READING scroll labelled XORUR VODUIRA.
  2412 | D:3      | 2412 ||| DRINKING 2 murky grey potions.
  2482 | D:4      | 2482 ||| Stepping ~*~*~tactically~*~*~ (stealth).
  2489 | D:4      | 2489 ||| Stepping ~*~*~tactically~*~*~ (stealth).
  2494 | D:4      | 2494 ||| Stepping ~*~*~tactically~*~*~ (hiding).
  2495 | D:4      | 2495 ||| Stepping ~*~*~tactically~*~*~ (hiding).
  2505 | D:4      | 2505 ||| FLEEEEING.
  2506 | D:4      | 2506 ||| FLEEEEING.
  2507 | D:4      | 2507 ||| FLEEEEING.
  2508 | D:4      | 2508 ||| FLEEEEING.
  2775 | D:4      | Reached XP level 6. HP: 59/59 MP: 6/6
  2850 | D:4      | 2850 ||| READING scroll labelled ERGHEN JURONUCVUCS.
  2851 | D:4      | 2851 ||| DRINKING 2 bubbling orange potions.
  2852 | D:4      | 2852 ||| DRINKING 2 lumpy emerald potions.
  2897 | D:4      | 2897 ||| DROPPING potion of brilliance.
  2898 | D:4      | 2898 ||| DROPPING potion of lignification.
  2920 | D:5      | Entered Level 5 of the Dungeon
  2920 | D:5      | Noticed an ice beast
  2929 | D:5      | Killed an ice beast
  2930 | D:5      | Reached skill level 7 in Unarmed Combat
  2965 | D:5      | 2965 ||| INVOKING Fiery Armour.
  2988 | D:5      | 2988 ||| FLEEEEING.
  2989 | D:5      | 2989 ||| FLEEEEING.
  2990 | D:5      | 2990 ||| FLEEEEING.
  2991 | D:5      | 2991 ||| FLEEEEING.
  3003 | D:5      | 3003 ||| Stepping ~*~*~tactically~*~*~ (stealth).
  3007 | D:5      | 3007 ||| Stepping ~*~*~tactically~*~*~ (stealth).
  3008 | D:5      | 3008 ||| Stepping ~*~*~tactically~*~*~ (stealth).
  3011 | D:5      | 3011 ||| Stepping ~*~*~tactically~*~*~ (hiding).
  3027 | D:5      | 3027 ||| DRINKING 3 potions of curing.
  3027 | D:5      | 3027 ||| (to cure confusion)
  3132 | D:5      | 3132 ||| Stepping ~*~*~tactically~*~*~ (stealth).
  3134 | D:5      | 3134 ||| Stepping ~*~*~tactically~*~*~ (stealth).
  3141 | D:5      | Reached skill level 8 in Unarmed Combat
  3141 | D:5      | Reached XP level 7. HP: 66/66 MP: 7/7
  3191 | D:5      | Reached skill level 3 in Fighting
  3246 | D:5      | Noticed Ijyb
  3247 | D:5      | 3247 ||| Stepping ~*~*~tactically~*~*~ (hiding).
  3248 | D:5      | 3248 ||| Stepping ~*~*~tactically~*~*~ (hiding).
  3252 | D:5      | Paralysed by Ijyb for 4 turns
  3259 | D:5      | Paralysed by Ijyb for 5 turns
  3265 | D:5      | Killed Ijyb
  3276 | D:5      | 3276 ||| Stepping ~*~*~tactically~*~*~ (stealth).
  3277 | D:5      | 3277 ||| Stepping ~*~*~tactically~*~*~ (stealth).
  3354 | D:5      | Found the +7 staff of the Meek {protect, meekguard}
  3355 | D:5      | 3355 ||| Stepping ~*~*~tactically~*~*~ (stealth).
  3357 | D:5      | 3357 ||| Stepping ~*~*~tactically~*~*~ (stealth).
  3361 | D:5      | 3361 ||| INVOKING Fiery Armour.
  3362 | D:5      | 3362 ||| Stepping ~*~*~tactically~*~*~ (outnumbered).
  3377 | D:5      | Reached skill level 9 in Unarmed Combat
  3559 | D:5      | 3559 ||| READING scroll of enchant armour.
  3559 | D:5      | 3559 ||| ENCHANTING +0 cloak.
  3566 | D:5      | Found a snail-covered altar of Cheibriados.
  3571 | D:5      | Reached skill level 1 in Dodging
  3716 | D:5      | 3716 ||| INVOKING Fiery Armour.
  3719 | D:5      | Reached XP level 8. HP: 23/75 MP: 8/8
  3786 | D:5      | Noticed a two-headed ogre
  3791 | D:5      | Killed a two-headed ogre
  3792 | D:5      | Reached skill level 11 in Unarmed Combat
  3861 | D:5      | Reached XP level 9. HP: 81/84 MP: 9/9
  4004 | D:5      | Noticed Blork the orc
  4005 | D:5      | 4005 ||| Stepping ~*~*~tactically~*~*~ (hiding).
  4010 | D:5      | Killed Blork the orc
  4132 | D:5      | 4132 ||| UPGRADING to +6 ring of dexterity.
  4133 | D:5      | 4133 ||| DRINKING 2 fuming clear potions.
  4134 | D:5      | 4134 ||| DRINKING 2 fuming sapphire potions.
  4134 | D:5      | Gained mutation: Your spells are a little easier to cast,
                  | but a little less powerful. [potion of mutation]
  4134 | D:5      | Gained mutation: You have a pair of small horns on your
                  | head. [potion of mutation]
  4134 | D:5      | Gained mutation: You are clumsy. (Dex -2) [potion of
                  | mutation]
  4135 | D:5      | 4135 ||| DRINKING 2 bubbling green potions.
  4193 | D:6      | 4193 ||| Stepping ~*~*~tactically~*~*~ (stealth).
  4225 | D:6      | 4225 ||| Stepping ~*~*~tactically~*~*~ (outnumbered).
  4226 | D:6      | 4226 ||| Stepping ~*~*~tactically~*~*~ (outnumbered).
  4228 | D:6      | 4228 ||| Stepping ~*~*~tactically~*~*~ (outnumbered).
  4229 | D:6      | 4229 ||| Stepping ~*~*~tactically~*~*~ (outnumbered).
  4428 | D:6      | 4428 ||| Stepping ~*~*~tactically~*~*~ (hiding).
  4435 | D:6      | 4435 ||| FLEEEEING.
  4436 | D:6      | 4436 ||| FLEEEEING.
  4439 | D:6      | 4439 ||| FLEEEEING.
  4440 | D:6      | 4440 ||| FLEEEEING.
  4441 | D:6      | 4441 ||| FLEEEEING.
  4442 | D:6      | 4442 ||| FLEEEEING.
  4443 | D:6      | 4443 ||| FLEEEEING.
  4444 | D:6      | 4444 ||| FLEEEEING.
  4456 | D:6      | 4456 ||| FLEEEEING.
  4457 | D:6      | 4457 ||| FLEEEEING.
  4458 | D:6      | 4458 ||| FLEEEEING.
  4459 | D:6      | 4459 ||| FLEEEEING.
  4460 | D:6      | 4460 ||| STAIRDANCE
  4487 | D:6      | 4487 ||| Stepping ~*~*~tactically~*~*~ (stealth).
  4488 | D:6      | 4488 ||| Stepping ~*~*~tactically~*~*~ (stealth).
  4606 | D:6      | Reached skill level 1 in Throwing
  4641 | D:6      | Reached skill level 12 in Unarmed Combat
  4931 | D:6      | 4931 ||| Stepping ~*~*~tactically~*~*~ (stealth).
  4953 | D:6      | Found an ancient bone altar of Kikubaaqudgha.
  5104 | D:6      | 5104 ||| READING scroll labelled RAACED WUEZITU.
  5143 | D:6      | 5143 ||| DRINKING 3 silvery potions.
  5144 | D:6      | 5144 ||| READING 2 scrolls of identify.
  5144 | D:6      | 5144 ||| IDENTIFYING fuming cyan potion
  5145 | D:6      | 5145 ||| DROPPING 2 potions of degeneration.
  5169 | D:7      | 5169 ||| Stepping ~*~*~tactically~*~*~ (stealth).
  5171 | D:7      | 5171 ||| Stepping ~*~*~tactically~*~*~ (hiding).
  5215 | D:7      | 5215 ||| Stepping ~*~*~tactically~*~*~ (outnumbered).
  5285 | D:7      | 5285 ||| Stepping ~*~*~tactically~*~*~ (stealth).
  5291 | D:7      | 5291 ||| Stepping ~*~*~tactically~*~*~ (hiding).
  5293 | D:7      | 5293 ||| Stepping ~*~*~tactically~*~*~ (hiding).
  5297 | D:7      | 5297 ||| INVOKING Fiery Armour.
  5298 | D:7      | 5298 ||| DRINKING 2 potions of curing.
  5298 | D:7      | 5298 ||| (to cure confusion)
  5298 | D:7      | Paralysed by an orc wizard for 3 turns
  5302 | D:7      | 5302 ||| Stepping ~*~*~tactically~*~*~ (outnumbered).
  5341 | D:7      | Found a staircase to the Ecumenical Temple.
  5344 | D:7      | 5344 ||| Stepping ~*~*~tactically~*~*~ (hiding).
  5352 | D:7      | 5352 ||| Stepping ~*~*~tactically~*~*~ (stealth).
  5356 | D:7      | 5356 ||| Stepping ~*~*~tactically~*~*~ (hiding).
  5558 | D:7      | 5558 ||| Stepping ~*~*~tactically~*~*~ (stealth).
  5728 | D:7      | Noticed a boulder beetle
  5729 | D:7      | 5729 ||| INVOKING Fiery Armour.
  5731 | D:7      | 5731 ||| Stepping ~*~*~tactically~*~*~ (outnumbered).
  5733 | D:7      | 5733 ||| Stepping ~*~*~tactically~*~*~ (outnumbered).
  5735 | D:7      | HP: 20/88 [electric eel/bolt of electricity (3)]
  5736 | D:7      | 5736 ||| DRINKING potion of heal wounds.
  5740 | D:7      | 5740 ||| Stepping ~*~*~tactically~*~*~ (outnumbered).
  5741 | D:7      | HP: 6/88 [boulder beetle (5)]
  5742 | D:7      | Demolished by a boulder beetle

Levels and vault maps discovered:
D:1:      kennysheep_arrival_seaside, layout_rooms,
          shapermc_ecumenical_altar_mp_vishouse, serial_park_tiny_1,
          minmay_worlds_worst_comb
D:2:      layout_basic, serial_rivers, chequers_serial_rivers_room_a,
          chequers_serial_rivers_room_a, chequers_serial_rivers_small_a,
          chequers_serial_rivers_marsh, chequers_serial_rivers_micro_e,
          chequers_serial_rivers_room_b, minivault_11
D:3:      layout_loops_cross, general_overflow_altar,
          mainiacjoe_overflow_catwalk, uniq_robin
D:4:      layout_rooms
D:5:      cheibrodos_barr_body, layout_basic, mainiacjoe_overflow_alcove_1,
          pf_guarded_unrand_meek, uniq_ijyb, uniq_blork_the_orc
D:6:      layout_loops_corners, lemuel_zombie_altar_kikubaaqudgha
D:7:      kennysheep_big_flooded_room, layout_basic, minmay_temple_entry_tees

Skill      XL: |  1  2  3  4  5  6  7  8  9 |
---------------+----------------------------+-----
Unarmed Combat | 4 5 6 8 9 11 12 | 12.5
Fighting       | 3 4 5 |  5.0
Dodging        | 1 2 |  2.3
Throwing       | 1 |  1.0
Spellcasting   | |  1.0
Fire Magic     | |  2.1

Action                   |  1- 3 |  4- 6 |  7- 9 || total
-------------------------+-------+-------+-------++-------
Melee: Unarmed           |   124 |   181 |   184 ||   489
       Punch             |     1 |     5 |    12 ||    18
       Headbutt          |       |       |    17 ||    17
Throw: Boomerang         |       |       |    32 ||    32
Invok: Fiery Armour      |       |     3 |     4 ||     7
  Use: Scroll            |     2 |     5 |     3 ||    10
       Potion            |       |     5 |     6 ||    11
Armor: Robe              |    54 |    56 |    57 ||   167
Dodge: Dodged            |    59 |    65 |    76 ||   200

Table legend:
 A = Non-vault XP
 B = Vault XP
 C = Vault XP percentage of total XP
 D = Non-vault monster count
 E = Vault monster count
 F = Vault count percentage of total count
                 A         B        C        D         E       F
            +---------+---------+-------+---------+---------+-------
      Total |    2740 |    1933 |  41.4 |     159 |      47 |  22.8
            +---------+---------+-------+---------+---------+-------
        D:1 |      52 |      14 |  21.2 |      30 |       7 |  18.9
        D:2 |     124 |       0 |   0.0 |      31 |       0 |   0.0
        D:3 |      69 |      38 |  35.5 |      18 |      13 |  41.9
        D:4 |     121 |       0 |   0.0 |      17 |       0 |   0.0
        D:5 |     649 |    1872 |  74.3 |      18 |      22 |  55.0
        D:6 |     821 |       9 |   1.1 |      20 |       5 |  20.0
        D:7 |     904 |       0 |   0.0 |      25 |       0 |   0.0
            +---------+---------+-------+---------+---------+-------
